 Dungeon Crawl Stone Soup version 0.20-a0 (webtiles) character file.

74430 nubinia the Destroyer (level 15, 84/84 HPs)
             Began as a Gargoyle Fire Elementalist on Oct 1, 2016.
             Was a High Priest of Sif Muna.
             Quit the game on level 3 of the Swamp on Oct 27, 2016.
             The game lasted 04:21:32 (25719 turns).

nubinia the Destroyer (Gargoyle Fire Elementalist) Turns: 25719, Time: 04:21:33

Health: 84/84      AC: 25    Str: 16    XL:     15   Next: 46%
Magic:  39/39      EV: 12    Int: 20    God:    Sif Muna [*****.]
Gold:   2137       SH:  6    Dex: 12    Spells: 12 memorised, 1 level left

rFire  + + .     SeeInvis .     a - +1 flail (crush)
rCold  . . .     Gourm    .     p - +2 leather armour {MR+}
rNeg   + + +     Faith    .     C - -4 shield of Duty {rF++ MR+ Regen+ rCorr}
rPois  ∞         Spirit   .     O - +0 helmet of Umuh {*Slow rN+++ Str+2 Dex+2}
rElec  +         Reflect  .     e - +1 cloak {MR+}
rCorr  +         Harm     .     r - +2 pair of gloves
MR     ++++.                    G - +0 pair of boots of the Dolphin {Slay+4}
Stlth  +++.......               V - amulet of regeneration
                                v - ring of wizardry
                                Z - ring of magical power

@: flying, divine energy
A: big wings, negative energy resistance 1, electricity resistance, unbreathing,
petrification resistance, rot immunity, AC +11
a: Stop Flying, Stop Divine Energy, Channel Magic, Forget Spell, Renounce
Religion


You were on level 3 of the Swamp.
You worshipped Sif Muna.
Sif Muna was extremely pleased with you.
You were not hungry.

You visited 5 branches of the dungeon, and saw 21 of its levels.
You also visited: Labyrinth and Ossuary.

You collected 2670 gold pieces.
You spent 533 gold pieces at shops.

Inventory:

Hand Weapons
 a - a +1 flail of crushing (weapon)
 f - a +0 morningstar of freezing
 y - the +7 quarterstaff "Aros" {drain, rPois MR+++ Str-3 SInv}
   (You found it in a labyrinth)

   A truly terrible weapon, it drains the life of those it strikes.
   It affects your strength (-3).
   It protects you from poison.
   It affects your resistance to hostile enchantments.
   It lets you see invisible.
Armour
 e - a +1 cloak of magic resistance (worn)
 p - a +2 leather armour of magic resistance (worn)
 r - a +2 pair of gloves (worn)
 C - the -4 shield of Duty (worn) {rF++ MR+ Regen+ rCorr}
   (You took it off a minotaur in a labyrinth)

   It greatly protects you from fire.
   It affects your resistance to hostile enchantments.
   It increases your rate of regeneration.
   It protects you from acid and corrosion.
 G - the +0 pair of boots of the Dolphin (worn) {Slay+4}
   (You bought it in a shop on level 7 of the Dungeon)

   It affects your accuracy and damage with ranged weapons and melee attacks
   (+4).
 O - the +0 helmet of Umuh (worn) {*Slow rN+++ Str+2 Dex+2}
   (You found it on level 1 of the Swamp)

   It affects your strength (+2).
   It affects your dexterity (+2).
   It renders you almost immune to negative energy.
   It may slow you when you take damage.
 U - a +2 hat
Magical Staves
 b - an uncursed staff of conjuration
Rods
 c - a +6 rod of ignition (11/11)
   (You took it off a minotaur in a labyrinth)
Jewellery
 j - an uncursed ring of protection from magic
 v - a ring of wizardry (right hand)
 z - an uncursed ring of protection from cold
 A - an uncursed ring of wizardry
 F - an uncursed ring of ice
 H - a +4 ring of intelligence
 Q - an uncursed amulet of guardian spirit
 S - an uncursed ring of protection from cold
 V - an amulet of regeneration (around neck)
 Z - a ring of magical power (left hand)
Wands
 q - a wand of hasting (5/9)
 u - a wand of disintegration (17/24)
 L - a wand of disintegration (11/24)
 P - a wand of lightning (10/15)
 Y - a wand of lightning (6/15)
Scrolls
 h - 5 scrolls of enchant armour
 l - 13 scrolls of teleportation
 m - 7 scrolls of remove curse
 s - a scroll of holy word
 N - a scroll of blinking
 R - 3 scrolls of fog
 T - 3 scrolls of identify
Potions
 g - a potion of resistance
 k - 3 potions of haste
 o - 4 potions of curing
 t - 2 potions of might
 w - a potion of heal wounds
 B - 2 potions of agility
 D - 3 potions of brilliance
 M - a potion of invisibility
 X - a potion of magic
Books
 I - a book of the Earth

   Spells                             Type                      Level
   a - Leda's Liquefaction            Hexes/Earth                  4
   b - Bolt of Magma                  Conjuration/Fire/Earth       5
   c - Statue Form                    Transmutation/Earth          6
   d - Iron Shot                      Conjuration/Earth            6
   e - Shatter                        Earth                        9
 K - Zueggu's Reference Book on Ashen Changing
   (Sif Muna gifted it to you on level 3 of the Swamp)

   Spells                             Type                      Level
   a - Lee's Rapid Deconstruction     Earth                        5
   b - Blade Hands                    Transmutation                5
   c - Hydra Form                     Transmutation                6
Miscellaneous
 W - a disc of storms
Comestibles
 d - a beef jerky
 i - 4 chunks of flesh
 x - 6 meat rations
 E - 22 fruits
 J - 7 slices of pizza


   Skills:
 + Level 6.0 Fighting
 + Level 9.3 Maces & Flails
 + Level 8.4 Armour
 + Level 4.2 Dodging
 + Level 5.5 Stealth
 + Level 8.0 Shields
 + Level 11.1 Spellcasting
 + Level 12.6 Conjurations
 + Level 0.3 Charms
 + Level 4.3 Necromancy
 + Level 9.8 Fire Magic
 - Level 0.1 Air Magic
 + Level 10.8 Earth Magic
 - Level 1.5 Poison Magic
 + Level 0.2 Invocations
 + Level 0.5 Evocations


You had one spell level left.
You knew the following spells:

 Your Spells              Type           Power        Failure   Level  Hunger
a - Flame Tongue          Conj/Fire      #####        1%          1    None
b - Throw Flame           Conj/Fire      ######       1%          2    None
c - Mephitic Cloud        Conj/Pois/Air  ####....     4%          3    None
d - Sticky Flame          Conj/Fire      ######..     1%          4    ##.....
e - Apportation           Tloc           ##........   9%          1    None
f - Fireball              Conj/Fire      ######....   2%          5    ####...
g - Bolt of Draining      Conj/Necr      #####.....   7%          5    ####...
h - Stone Arrow           Conj/Erth      ######       1%          3    None
i - Lee's Rapid Deconstr  Erth           ######....   3%          5    ####...
r - Repel Missiles        Chrm/Air       ##....       10%         2    None
C - Conjure Flame         Conj/Fire      ######..     1%          3    None
S - Animate Skeleton      Necr           N/A          1%          1    None


Dungeon Overview and Level Annotations

Branches:
Dungeon (9/15)             Temple (1/1) D:7            Lair (6/6) D:8
  Swamp (3/4) Lair:3        Snake (0/4) Lair:4        Slime (0/5) Lair:6
    Orc (2/2) D:9             Elf (0/3) Orc:2

Altars:
Hepliaklqana
Makhleb
Nemelex Xobeh
Okawaru
Qazlal
Sif Muna
Trog
Uskayaw
Xom
Yredelemnul
Beogh
Jiyva

Shops:
D:7 [   D:8 }   Orc:2 ![?*   Swamp:2 *

Portals:
Hell: Lair:6


Innate Abilities, Weirdness & Mutations

You are resistant to torment.
Your stone body is resilient. (AC +11)
You are immune to poison.
Your large and strong wings let you fly indefinitely.
You resist negative energy. (rN+)
You are resistant to electric shocks. (rElec)
You can survive without breathing.
You are immune to petrification.
You are immune to rotting.


Message History

i - 6 chunks of flesh You start resting.
Eating one of 6 chunks of flesh.
You start eating one of the 6 chunks of flesh.
You continue eating. x2
You finish eating.
This raw flesh tastes terrible.
Magic restored.
You start resting.
HP restored.
Eating one of 5 chunks of flesh.
You start eating one of the 5 chunks of flesh.
You are feeling hungry.
You continue eating. x2
You finish eating.
This raw flesh tastes terrible.
You found a teleport trap!
Done exploring.
Saving game... please wait.
Welcome back, nubinia the Gargoyle Fire Elementalist.
Sif Muna whispers: I know many secrets...
Press ? for a list of commands and other information.
Are you sure you want to abandon this character and quit the game? (Confirm with "yes".)

♣..§≈♣
♣.≈≈≈≈≈≈
♣≈≈≈.♣
♣.≈≈≈≈.≈
♣.≈§.♣♣
♣....≈≈.
♣.≈≈..♣
♣.♣♣..≈.
♣≈≈≈.^♣
♣.♣♣♣≈..
♣.≈≈..♣
♣≈♣ ♣≈.≈
♣..≈≈.♣
♣≈♣ ♣♣.≈
♣.≈.♣.♣
♣♣♣ ♣.≈
♣.@♣♣≈♣
♣..
♣♣.♣♣≈♣
♣♣♣
♣♣♣♣♣♣


There were no monsters in sight!

Vanquished Creatures
  Kirke (Lair:4)
  A minotaur (Lab)
  9 hydras
  A ghost crab (Swamp:2)
  6 alligators
  A hell beast (Lair:6)
  11 death yaks
  Erica (D:9)
  An ogre mage (Orc:2)
  The ghost of ThereIsNoGod the Severer, a novice MiGl of Makhleb (D:8)
  Urug (Lair:5)
  Nergalle (Lair:3)
  2 spriggan druids (Swamp:3)
  2 shambling mangroves (Swamp:3)
  An ugly thing (Swamp:2)
  An elephant (Lair:6)
  Maurice (D:9)
  2 black mambas
  10 spiny frogs
  An orange demon (Lair:6)
  2 rime drakes
  5 komodo dragons
  A hellwing (Lair:6)
  5 ice devils (Lair:6)
  2 red devils (Lair:6)
  A troll (Orc:2)
  6 tyrant leeches
  11 hornets
  11 two-headed ogres
  16 blink frogs
  5 bog bodies
  6 dream sheep (Lair:5)
  Grinder (D:5)
  Sigmund (D:6)
  10 slime creatures
  5 hippogriffs
  A wyvern (Lair:6)
  5 spriggans
  2 fire bats (Lair:6)
  8 yaks
  6 hogs
  A human (D:7)
  Grum (D:9)
  8 vampire mosquitoes
  2 basilisks
  9 insubstantial wisps
  9 swamp worms
  A naga (Lair:4)
  2 porcupines (Lair:3)
  6 water moccasins
  12 orc warriors
  A swamp drake (Swamp:2)
  2 ice beasts
  A sky beast (D:7)
  2 black bears
  A phantom (D:4)
  9 wolves
  15 ogres
  2 centaurs (D:5)
  15 crocodiles
  15 bullfrogs
  2 scorpions
  2 spriggan skeletons (Lab)
  13 killer bees (D:9)
  5 electric eels (Lair:3)
  6 howler monkeys
  2 crimson imps (D:9)
  4 centaur skeletons
  2 jellies
  Crazy Yiuf (D:3)
  7 orc priests
  A bullfrog skeleton (D:4)
  6 iguanas
  9 orc wizards
  5 worker ants
  A big kobold zombie (Ossuary)
  A hound skeleton (D:4)
  2 hound zombies (D:5)
  9 mummies
  Robin (D:3)
  A gnoll (D:7)
  A worker ant zombie (D:6)
  A howler monkey skeleton (D:5)
  12 adders
  24 river rats
  A shadow imp (D:6)
  2 adder skeletons
  2 adder zombies (D:5)
  6 worms
  A dart slug (D:5)
  3 leopard geckos
  53 orcs
  9 giant cockroaches
  2 gnoll zombies (Ossuary)
  12 goblins (D:3)
  9 hobgoblins
  9 jackals
  7 kobolds
  3 quokkas
  A ball python (D:6)
  12 bats
  6 frilled lizards
  A goblin zombie (D:8)
  2 hobgoblin zombies
  2 kobold zombies (Ossuary)
  2 orc zombies (Ossuary)
  A quokka skeleton (D:5)
  8 rats
  2 fungi
553 creatures vanquished.

Vanquished Creatures (collateral kills)
  Gastronok (D:9)
  A dire elephant (Lair:6)
  A hydra (Lair:6)
  A death yak (Lair:4)
  3 ogre magi (Orc:2)
  A wizard (Lair:6)
  A shambling mangrove (Swamp:1)
  5 ugly things (Swamp:2)
  Psyche (D:8)
  A spiny frog (Lair:1)
  A rime drake (Lair:5)
  3 komodo dragons
  An ice devil (Lair:6)
  2 polar bears
  A bog body (Swamp:2)
  3 two-headed ogres (Orc:2)
  2 hornets (Swamp:2)
  2 slime creatures (Swamp:2)
  3 hippogriffs
  8 dream sheep
  A blink frog (Lair:6)
  2 spriggans (Swamp:2)
  A fire bat (Lair:6)
  9 yaks
  A wyvern (Lair:6)
  A basilisk (Lair:2)
  2 vampire mosquitoes (Swamp:3)
  2 swamp worms
  2 swamp drakes
  2 porcupines
  An orc warrior (Orc:2)
  11 ogres (Orc:2)
  7 wolves
  4 crocodiles
  5 bullfrogs
  A killer bee (D:9)
  A lava snake (Lair:3)
  2 hounds
  An orc priest (Orc:2)
  2 orc wizards (Orc:2)
  A hound zombie (D:9)
  An adder (D:8)
  6 river rats (Lair:6)
  3 orcs
  A fungus (Lair:5)
112 creatures vanquished.

Vanquished Creatures (others)
  A human (Lair:4)
  A crocodile (Lair:4)
  A bullfrog (Lair:3)
  7 fungi (Lair:6)
  2 plants
12 creatures vanquished.

Grand Total: 677 creatures vanquished

Notes
Turn   | Place    | Note
-------+----------+-------------------------------------------
     0 | D:1      | nubinia the Gargoyle Fire Elementalist began the quest for the Orb.
     0 | D:1      | Reached XP level 1. HP: 10/10 MP: 3/3
   279 | D:1      | Reached XP level 2. HP: 12/15 MP: 0/5
   335 | D:1      | Learned a level 2 spell: Throw Flame
   884 | D:2      | Reached XP level 3. HP: 19/19 MP: 2/6
  1602 | D:2      | Reached XP level 4. HP: 4/24 MP: 0/7
  1889 | D:2      | Found a stormy altar of Qazlal.
  2480 | D:3      | Noticed Robin
  2689 | D:3      | Reached XP level 5. HP: 23/28 MP: 4/8
  2742 | D:3      | Learned a level 3 spell: Conjure Flame
  2807 | D:3      | Reached skill level 2 in Conjurations
  2916 | D:3      | Killed Robin
  2916 | D:3      | Reached skill level 1 in Maces & Flails
  3097 | D:3      | Found a runed door.
  3417 | D:3      | Noticed Crazy Yiuf
  3423 | D:3      | Killed Crazy Yiuf
  3531 | D:4      | Noticed an ogre
  3533 | D:4      | Reached skill level 1 in Fighting
  3533 | D:4      | Reached XP level 6. HP: 34/34 MP: 7/10
  4008 | D:4      | Reached XP level 7. HP: 38/38 MP: 3/12
  4777 | D:5      | Entered Level 5 of the Dungeon
  4796 | D:5      | Learned a level 4 spell: Sticky Flame
  4810 | D:5      | Reached skill level 3 in Conjurations
  5288 | D:5      | Found a hazy altar of Hepliaklqana.
  5397 | D:5      | Reached skill level 4 in Conjurations
  5397 | D:5      | Reached XP level 8. HP: 44/44 MP: 9/14
  5425 | D:5      | Reached skill level 5 in Fire Magic
  5764 | D:5      | Reached skill level 5 in Spellcasting
  5832 | D:5      | Noticed Grinder
  6454 | D:5      | Killed Grinder
  6714 | D:6      | Reached skill level 5 in Conjurations
  6901 | D:6      | Reached XP level 9. HP: 39/48 MP: 13/17
  7017 | D:6      | Noticed Sigmund
  7027 | D:6      | Killed Sigmund
  7905 | D:7      | Reached skill level 6 in Conjurations
  8054 | D:7      | Found Reuq's Antique Armour Emporium.
  8058 | D:7      | Bought a pair of brightly glowing boots for 247 gold pieces
  8063 | D:7      | Identified the +0 pair of boots of the Dolphin {Slay+4} (You bought it in a shop on level 7 of the Dungeon)
  8389 | D:7      | Reached skill level 7 in Conjurations
  8519 | D:7      | Found a staircase to the Ecumenical Temple.
  8523 | Temple   | Entered the Ecumenical Temple
  8543 | Temple   | Became a worshipper of Sif Muna the Loreminder
  8581 | D:7      | Found an iron altar of Okawaru.
  8581 | D:7      | Found a bloodstained altar of Trog.
  8843 | D:7      | Reached XP level 10. HP: 52/54 MP: 15/20
  8954 | D:8      | Found a sand-covered staircase.
  8968 | Ossuary  | Entered an ossuary
  9476 | D:8      | Found a shimmering altar of Xom.
  9480 | D:8      | Found a shimmering altar of Xom.
  9480 | D:8      | You fall through a shaft!
  9557 | D:9      | Noticed Erica
  9565 | D:9      | Killed Erica
  9565 | D:9      | Reached skill level 5 in Maces & Flails
  9565 | D:9      | Reached skill level 8 in Conjurations
  9577 | D:9      | Learned a level 1 spell: Animate Skeleton
  9583 | D:9      | Learned a level 5 spell: Fireball
  9892 | D:9      | Noticed Gastronok
  9926 | D:9      | Found a roughly hewn altar of Beogh.
  9926 | D:9      | Found a staircase to the Orcish Mines.
  9981 | D:9      | Killed Gastronok
  9981 | D:9      | Reached * piety under Sif Muna
  9981 | D:9      | Reached skill level 1 in Necromancy
 10181 | D:8      | Found Lied's Gadget Shop.
 10221 | D:8      | Noticed Psyche
 10313 | D:8      | Noticed ThereIsNoGod's ghost (novice MiGl)
 10493 | D:9      | Reached XP level 11. HP: 48/60 MP: 20/22
 10591 | D:9      | Reached ** piety under Sif Muna
 10794 | D:9      | Noticed Grum
 10796 | D:9      | Reached skill level 9 in Conjurations
 10802 | D:9      | Killed Grum
 10807 | D:9      | Noticed Maurice
 10814 | D:9      | Killed Maurice
 10848 | D:8      | Found a staircase to the Lair.
 11025 | D:8      | Killed Psyche
 11142 | D:8      | Killed ThereIsNoGod's ghost
 11326 | Lair:1   | Entered Level 1 of the Lair of Beasts
 11861 | Lair:1   | Learned a level 3 spell: Mephitic Cloud
 12157 | Lair:1   | Learned a level 1 spell: Apportation
 12194 | Lair:2   | Noticed a death yak
 12194 | Lair:2   | Noticed a death yak
 12194 | Lair:2   | Noticed a death yak
 12329 | Lair:2   | Noticed a death yak
 12336 | Lair:2   | Noticed a death yak
 12375 | Lair:1   | Killed a death yak
 12447 | D:7      | Bought a glowing cloak for 117 gold pieces
 12467 | D:7      | Bought a runed cloak for 117 gold pieces
 12467 | D:7      | Bought a runed leather armour for 52 gold pieces
 12760 | Lair:1   | Killed a death yak
 13130 | Lair:2   | Reached skill level 5 in Shields
 13137 | Lair:2   | Reached *** piety under Sif Muna
 13222 | Lair:2   | Killed a death yak
 13222 | Lair:2   | Reached XP level 12. HP: 66/66 MP: 1/24
 13229 | Lair:2   | Killed a death yak
 13273 | Lair:2   | Killed a death yak
 13720 | Lair:2   | Noticed a six-headed hydra
 13727 | Lair:2   | Killed a six-headed hydra
 14040 | Lair:3   | Noticed Nergalle
 14234 | Lair:3   | Reached skill level 1 in Armour
 14234 | Lair:3   | Reached skill level 10 in Conjurations
 14313 | Lair:3   | Killed Nergalle
 14313 | Lair:3   | Reached skill level 5 in Stealth
 14591 | Lair:3   | Found a staircase to the Swamp.
 14854 | Lair:4   | Noticed Kirke
 14873 | Lair:4   | Noticed a sphinx
 14881 | Lair:4   | Killed Kirke
 14881 | Lair:4   | Reached **** piety under Sif Muna
 15253 | Lair:4   | Found a staircase to the Snake Pit.
 15671 | Lair:4   | Upgraded the game from 0.19-a0-1740-g0bcaf2e to 0.19-a0-1786-g230130f
 15770 | Lair:5   | Reached XP level 13. HP: 71/72 MP: 6/26
 15783 | Lair:5   | Reached skill level 11 in Conjurations
 15979 | Lair:5   | Noticed Urug
 15988 | Lair:5   | Reached skill level 1 in Poison Magic
 16016 | Lair:5   | Killed Urug
 16092 | Lair:5   | Got a fine ring mail
 16103 | Lair:5   | Identified the +4 ring mail of Spite {-Tele Dex+7} (You found it on level 5 of the Lair of Beasts)
 16599 | Lair:4   | Reached skill level 5 in Armour
 16866 | Lair:6   | Entered Level 6 of the Lair of Beasts
 16909 | Lair:6   | Found a labyrinth entrance.
 17013 | Lab      | Entered a labyrinth
 17234 | Lab      | Reached ***** piety under Sif Muna
 17395 | Lab      | Noticed a minotaur
 17451 | Lab      | Killed a minotaur
 17526 | Lab      | Got a spiked shield
 17526 | Lab      | Got a twisted ice dragon armour
 17536 | Lab      | Identified the Compendium of Bewitching Poison
 17545 | Lab      | Learned a level 2 spell: Repel Missiles
 17552 | Lab      | Learned a level 5 spell: Bolt of Draining
 17562 | Lab      | Identified the -4 shield of Duty {rF++ MR+ Regen+ rCorr} (You took it off a minotaur in a labyrinth)
 17572 | Lab      | Identified the +11 ice dragon armour "Jakluiqe" {rF- rC++ Dex+9} (You took it off a minotaur in a labyrinth)
 17572 | Lab      | Identified a +1 rod of inaccuracy (13/13) (You found it in a labyrinth)
 17576 | Lab      | Got a jewelled quarterstaff
 17609 | Lair:6   | Identified the +7 quarterstaff "Aros" {drain, rPois MR+++ Str-3 SInv} (You found it in a labyrinth)
 17888 | Lair:6   | Found a viscous altar of Jiyva.
 17888 | Lair:6   | Found a staircase to the Slime Pits.
 18022 | Lair:6   | Identified Sif Muna's Guide on Toxic Confrontation (Sif Muna gifted it to you on level 6 of the Lair of Beasts)
 18022 | Lair:6   | Received a gift from Sif Muna
 18112 | Lair:6   | Noticed a dire elephant
 18275 | Lair:6   | Reached skill level 5 in Fighting
 18322 | Lair:6   | Killed a dire elephant
 18322 | Lair:6   | Reached skill level 10 in Spellcasting
 18509 | Lair:6   | Gained mutation: Your large and strong wings let you fly indefinitely. [Gargoyle growth]
 18509 | Lair:6   | Reached XP level 14. HP: 78/78 MP: 12/28
 18516 | Lair:6   | Found a burning altar of Makhleb.
 19098 | Lair:6   | Found a gateway to Hell.
 19105 | Lair:6   | Identified Angiss's Grimoire of Weightlessness and Talismans
 19238 | Lair:6   | Reached skill level 12 in Conjurations
 19447 | D:9      | Upgraded the game from 0.19-a0-1786-g230130f to 0.19-a0-1815-g4007336
 19469 | Orc:1    | Entered Level 1 of the Orcish Mines
 19600 | Orc:2    | Entered Level 2 of the Orcish Mines
 20218 | Orc:2    | Found Haiw's Distillery.
 20218 | Orc:2    | Found Doxeynuk's Armour Emporium.
 20250 | Orc:2    | Found Ejeshroh's Magic Scroll Emporium.
 20250 | Orc:2    | Found Rehapriz's General Store.
 20378 | Orc:2    | Found a staircase to the Elven Halls.
 20784 | Orc:1    | Found a roughly hewn altar of Beogh.
 20793 | Orc:1    | Identified Sif Muna's Volume of Conjuration (Sif Muna gifted it to you on level 1 of the Orcish Mines)
 20793 | Orc:1    | Received a gift from Sif Muna
 20831 | Orc:1    | Learned a level 3 spell: Stone Arrow
 20836 | Orc:1    | Learned a level 4 spell: Iskenderun's Mystic Blast
 21429 | Swamp:1  | Entered Level 1 of the Swamp
 21677 | Swamp:1  | Reached skill level 1 in Earth Magic
 22129 | Swamp:1  | Reached skill level 5 in Earth Magic
 22166 | Swamp:1  | Got a steaming helmet
 22177 | Swamp:1  | Identified the +0 helmet of Umuh {*Slow rN+++ Str+2 Dex+2} (You found it on level 1 of the Swamp)
 22619 | Swamp:2  | Found Goilegex's Island Escapes.
 22986 | Swamp:2  | Reached XP level 15. HP: 84/84 MP: 14/29
 23185 | Swamp:1  | Upgraded the game from 0.19-a0-1815-g4007336 to 0.19-a0-1834-g6b7851e
 23672 | Swamp:2  | Reached skill level 10 in Earth Magic
 24158 | Swamp:3  | Identified Zueggu's Reference Book on Ashen Changing (Sif Muna gifted it to you on level 3 of the Swamp)
 24158 | Swamp:3  | Received a gift from Sif Muna
 24184 | Swamp:3  | Learned a level 5 spell: Lee's Rapid Deconstruction
 25719 | Swamp:3  | Upgraded the game from 0.19-a0-1834-g6b7851e to 0.20-a0
 25719 | Swamp:3  | Quit the game

Vault maps used:
D:1:      minmay_arrival_plants_in_alcoves, serial_bayou_lake_a
D:2:      grunt_qazlal_clouds
D:3:      first_bread, uniq_crazy_yiuf_cottage, uniq_robin
D:4:      minmay_surrounded
D:5:      overflow_temple_1_default, minmay_crystal_room, minmay_door_square,
          kennysheep_generic_room_3, uniq_grinder
D:6:      black_bear_nest_2, uniq_sigmund
D:7:      grunt_temple_overflow_bloody_war, serial_shops, nicolae_shop_stone,
          grunt_livestock
D:8:      xom_redecorated, dpeg_oklobed_lair, serial_shops, shop,
          nicolae_ossuary_entry_giza, uniq_psyche
D:9:      david_orc_5, uniq_maurice, uniq_gastronok, uniq_grum, uniq_erica
Temple:   minmay_crystal_spiral_temple
Lair:2:   grunt_forest_large_clearings, grunt_megastairs_2
Lair:3:   minmay_swamp_entry_worms, minivault_27, wad_woods_river_02,
          st_stairs_10, serial_bayou_crossing, uniq_nergalle
Lair:4:   guppyfry_snake_entry_island, uniq_kirke
Lair:5:   grunt_megastairs_5, uniq_urug
Lair:6:   evil_forest, dpeg_slime_entry_enclosed_altar, lab_entry_generic
Swamp:1:  evilmike_swamp_ruin_house_5
Swamp:2:  evilmike_swamp_ruin_house_2, nicolae_island_escapes
Swamp:3:  evilmike_swamp_ruin_rubble_1
Orc:1:    basic_altar
Orc:2:    st_orc_ogre_mass
Lab:      labyrinth_watery, labyrinth_skeletal_remains, nicolae_lab_big_swirl
Ossuary:  ossuary_tomb_3

Skill      XL: |  1  2  3  4  5  6  7  8  9 10 11 12 13 14 15 |
---------------+----------------------------------------------+-----
Dodging        | 2 3 4 |  4.2
Stealth        | 3 4 5 |  5.5
Conjurations   | 2 4 5 7 8 9 10 11 12 | 12.6
Maces & Flails | 2 3 4 6 7 8 9 |  9.3
Fighting       | 1 2 3 4 5 6 |  6.0
Spellcasting   | 3 4 5 6 7 8 9 10 11 | 11.1
Fire Magic     | 4 5 6 7 8 9 |  9.8
Necromancy     | 1 2 3 4 |  4.3
Shields        | 6 7 8 |  8.0
Armour         | 2 8 |  8.4
Poison Magic   | 1 |  1.5
Earth Magic    | 8 10 | 10.8
Charms         | |  0.3
Air Magic      | |  0.1
Invocations    | |  0.2
Evocations     | |  0.5

Action                   |  1- 3 |  4- 6 |  7- 9 | 10-12 | 13-15 || total
-------------------------+-------+-------+-------+-------+-------++-------
Melee: Unarmed           |     6 |       |       |       |       ||     6
       Club              |    14 |       |       |       |       ||    14
       Mace              |    33 |    72 |    52 |       |       ||   157
       Morningstar       |       |       |    25 |   355 |   284 ||   664
       Staff             |       |       |       |     1 |    39 ||    40
       Flail             |       |       |       |       |   290 ||   290
 Cast: Flame Tongue      |    43 |    65 |   112 |   135 |   214 ||   569
       Throw Flame       |     5 |    23 |    83 |    72 |    78 ||   261
       Sticky Flame      |       |       |     9 |    65 |    91 ||   165
       Conjure Flame     |       |       |     1 |     1 |     7 ||     9
       Animate Skeleton  |       |       |       |    74 |   102 ||   176
       Fireball          |       |       |       |    22 |    37 ||    59
       Mephitic Cloud    |       |       |       |    12 |    49 ||    61
       Repel Missiles    |       |       |       |       |     1 ||     1
       Bolt of Draining  |       |       |       |       |    20 ||    20
Invok: Divine Energy     |       |       |       |     1 |       ||     1
       Channel Magic     |       |       |       |       |     2 ||     2
 Abil: Fly               |       |       |       |       |     1 ||     1
Evoke: Wand              |       |       |       |       |    11 ||    11
  Use: Scroll            |       |     2 |     6 |     5 |    16 ||    29
       Potion            |       |       |     1 |     3 |     4 ||     8
 Stab: Sleeping          |     1 |     1 |       |     1 |     1 ||     4
       Confused          |       |       |       |     2 |    14 ||    16
       Distracted        |       |       |       |     2 |     3 ||     5
       Invisible         |       |       |       |       |     1 ||     1
  Eat: Chunk             |     3 |     9 |    18 |    29 |    33 ||    92
       Royal jelly       |       |       |       |     2 |     2 ||     4
       Beef jerky        |       |       |       |     2 |     4 ||     6
       Pizza             |       |       |       |       |     2 ||     2
Armor: Robe              |    26 |    28 |    42 |   135 |       ||   231
       Leather armour    |       |       |       |    66 |   291 ||   357
       Ring mail         |       |       |       |       |    29 ||    29
Dodge: Dodged            |    53 |    61 |    85 |   287 |   296 ||   782
       Deflected         |       |       |       |       |     1 ||     1
Block: Shield            |       |       |       |    63 |   201 ||   264
